 Dungeon Crawl Stone Soup version 0.21.1-1-g345015f (webtiles) character file.

483 Kairos the Poker (level 7, -7/52 HPs)
             Began as a Merfolk Skald on Mar 25, 2018.
             Mangled by an ogre
             ... wielding a +0 giant club
              (12 damage)
             ... on level 4 of the Dungeon.
             The game lasted 00:08:59 (4324 turns).

Kairos the Poker (Merfolk Skald)                    Turns: 4324, Time: 00:08:59

Health: -7/52      AC:  4    Str: 13    XL:     7   Next: 12%
Magic:  3/10       EV: 13    Int: 13    God:
Gold:   85         SH:  0    Dex: 13    Spells: 7/10 levels left

rFire    . . .     SeeInvis .   u - +0 trident
rCold    . . .     Gourm    .   (no shield)
rNeg     . . .     Faith    .   b - +0 leather armour
rPois    +         Spirit   .   (no helmet)
rElec    .         Reflect  .   o - +0 cloak
rCorr    .         Harm     .   (no gloves)
MR       .....                  (no boots)
Stlth    ++........             (no amulet)
HPRegen  0.17/turn              h - ring of poison resistance
MPRegen  0.12/turn              (no ring)

@: infused
A: change form in water, swift swim, stealthy swim
a: no special abilities


You were on level 4 of the Dungeon.
You were not hungry.

You visited 1 branch of the dungeon, and saw 4 of its levels.

You collected 85 gold pieces.

Inventory:

Hand Weapons
 k - a +0 spear
 u - a +0 trident (weapon)
Armour
 b - a +0 leather armour (worn)
 o - a +0 cloak (worn)
Jewellery
 h - a ring of poison resistance (left hand)
Wands
 r - a wand of disintegration (6)
 w - a wand of paralysis (7)
Scrolls
 i - 2 scrolls of enchant weapon {unknown}
 j - a scroll of noise {unknown}
 n - a scroll of teleportation {unknown}
 p - 3 scrolls of identify {unknown}
 q - 2 scrolls of remove curse {unknown}
Potions
 a - a potion of haste {unknown}
 e - 2 potions of curing {unknown}
 f - 2 potions of brilliance {unknown}
 g - a potion of resistance
 l - a potion of flight {unknown}
 m - a potion of cancellation {unknown}
 s - a potion of lignification {unknown}
 t - a potion of heal wounds {unknown}
Books
 c - a book of Battle

   Spells                             Type                      Level
   a - Infusion                       Charms                       1
   b - Shroud of Golubria             Charms/Translocation         2
   c - Song of Slaying                Charms                       2
   d - Spectral Weapon                Hexes/Charms                 3
   e - Regeneration                   Charms/Necromancy            3
Comestibles
 d - 6 rations


   Skills:
 + Level 3.5 Fighting
   Level 1.7(2.8) Axes
 + Level 5.9(6.3) Polearms
 + Level 2.3 Armour
 + Level 4.0 Dodging
 + Level 1.8 Stealth
 + Level 2.3 Spellcasting
 + Level 4.0 Charms
 + Level 0.3 Evocations


You had 7 spell levels left.
You knew the following spells:

 Your Spells              Type           Power        Failure   Level  Hunger
a - Infusion              Chrm           ##..         6%          1    #......
b - Song of Slaying       Chrm           ##......     9%          2    ###....


Dungeon Overview and Level Annotations

Branches:
Dungeon (4/15)
 Temple: D:4-7

Altars:
Nemelex Xobeh

Annotations:
D:4 bmj180's ghost, amateur HaFi


Message History

The ogre is lightly wounded.
The ogre barely misses you.
The orc shouts!
You hit the ogre!
The ogre is heavily wounded.
The ogre hits you with a giant club!!
Ouch! That really hurt!
* * * LOW HITPOINT WARNING * * *
You are too injured to fight recklessly!
You are too injured to fight recklessly!
You barely miss the ogre.
The ogre is heavily wounded.
You hit the ogre.
The ogre is heavily wounded.
The ogre hits you with a giant club.
* * * LOW HITPOINT WARNING * * *
You hit the ogre.
The ogre is severely wounded.
The ogre hits you with a giant club!
You die...

. )..#.##
#.#..#.. .
#.#S.... #
.......>##.#
#.#.#......
.......#.####.#
#.........#
#.##.###### #
#...O@..#
#######.#
#.#########
#.##......#
#.##.####.#
#.##.# #.#
#.##<# #.#
#.#######.#
#.........#


You could see an ogre.

Vanquished Creatures
  The ghost of Kairos the Poker, an amateur MfSk (D:3)
  A centaur (D:2)
  2 orc wizards
  A worker ant (D:4)
  An adder (D:3)
  An ooze (D:3)
  4 dart slugs
  3 worms
  2 leopard geckos
  12 orcs
  8 bats
  5 giant cockroaches
  4 goblins
  3 hobgoblins
  15 jackals
  7 kobolds
  3 quokkas
  7 frilled lizards
  5 rats
85 creatures vanquished.

Notes
Turn   | Place    | Note
-------+----------+-------------------------------------------
     0 | D:1      | Kairos the Merfolk Skald began the quest for the Orb.
     0 | D:1      | Reached XP level 1. HP: 16/16 MP: 3/3
   112 | D:1      | Reached XP level 2. HP: 22/23 MP: 5/5
   290 | D:1      | Found a sparkling altar of Nemelex Xobeh.
   558 | D:2      | Reached XP level 3. HP: 25/28 MP: 6/6
   642 | D:2      | Reached skill level 1 in Armour
   959 | D:2      | Reached skill level 1 in Polearms
   977 | D:2      | Reached skill level 1 in Stealth
  1062 | D:2      | Noticed a centaur
  1075 | D:2      | Killed a centaur
  1075 | D:2      | Reached skill level 3 in Polearms
  1075 | D:2      | Reached XP level 4. HP: 4/34 MP: 0/7
  1075 | D:2      | Reached XP level 5. HP: 4/40 MP: 0/8
  1846 | D:3      | Noticed Kairos's ghost (amateur MfSk)
  2753 | D:3      | Reached skill level 4 in Polearms
  3435 | D:3      | Reached XP level 6. HP: 47/47 MP: 9/9
  3653 | D:3      | HP: 1/47 [Kairos's ghost (6)]
  3655 | D:3      | Killed Kairos's ghost
  3655 | D:3      | Reached skill level 5 in Polearms
  4157 | D:4      | Reached XP level 7. HP: 35/52 MP: 10/10
  4262 | D:4      | Noticed bmj180's ghost (amateur HaFi)
  4268 | D:3      | Learned a level 2 spell: Song of Slaying
  4324 | D:4      | Mangled by an ogre

Skill      XL: |  1  2  3  4  5  6  7 |
---------------+----------------------+-----
Dodging        | 3 4 |  4.0
Armour         | 1 2 |  2.3
Polearms       | 3 4 5 |  5.9
Stealth        | 1 |  1.8
Fighting       | 3 |  3.5
Charms         | 4 |  4.0
Axes           | |  1.7
Spellcasting   | |  2.3
Evocations     | |  0.3

Action                   |  1- 3 |  4- 6 |  7- 9 || total
-------------------------+-------+-------+-------++-------
Melee: Hand axe          |    47 |       |       ||    47
       Spear             |   113 |   163 |       ||   276
       Trident           |       |    85 |    22 ||   107
 Cast: Infusion          |     3 |     2 |     1 ||     6
Evoke: Wand              |       |     5 |       ||     5
  Use: Scroll            |       |     1 |       ||     1
 Stab: Sleeping          |     5 |     4 |       ||     9
  Eat: Chunk             |     1 |     5 |       ||     6
       Ration            |       |     1 |     1 ||     2
Armor: Leather armour    |    41 |    37 |     3 ||    81
Dodge: Dodged            |    88 |   131 |    20 ||   239
